 Dungeon Crawl Stone Soup version 0.30-a0-1116-gebefce21f7 (webtiles) character file.

Game seed: 14474857827037385640

296 Arzdou the Digger (level 6, 0/36 HPs)
             Began as an Octopode Earth Elementalist on Apr 21, 2023.
             Slain by an orc wizard
             ... wielding a +0 dagger
              (5 damage)
             ... on level 4 of the Dungeon.
             The game lasted 00:05:13 (3188 turns).

Arzdou the Digger (Octopode Earth Elementalist)     Turns: 3188, Time: 00:05:13

Health: 0/36       AC:  1    Str:  7    XL:     6   Next: 35%
Magic:  2/11       EV: 13    Int: 20    God:
Gold:   260        SH:  0    Dex: 12    Spells: 2/12 levels left

rFire   + . .      SeeInvis .    (no weapon)
rCold   x . .      Faith    .    (no shield)
rNeg    . . .      Spirit   .    (helmet restricted)
rPois   .          Reflect  .    (no amulet)
rElec   .          Rampage  .    c - ring of fire
rCorr   .                        (no ring)
Will    .....                    (no ring)
Stlth   +++                      (no ring)
HPRegen 0.26/turn                (no ring)
MPRegen 0.12/turn                (no ring)
                                 (no ring)
                                 (no ring)

@: about to teleport
A: almost no armour, amphibious, 8 rings, camouflage 1, gelatinous body 1,
(nimble swimmer 1), tentacles
a: no special abilities


You were on level 4 of the Dungeon.
You visited 1 branch of the dungeon, and saw 5 of its levels.

You collected 260 gold pieces.

Inventory:

Jewellery
 c - a ring of fire (left tentacle)
 p - an amulet of guardian spirit
Wands
 k - a wand of polymorph (8)
 r - a wand of flame (4)
Scrolls
 b - a scroll of identify {unknown}
 e - 2 scrolls of enchant armour {unknown}
 f - a scroll of noise {unknown}
 g - 4 scrolls of teleportation
 j - a scroll of amnesia {unknown}
 m - a scroll of poison {unknown}
 q - a scroll of blinking {unknown}
 s - 2 scrolls of vulnerability {unknown}
Potions
 a - a potion of magic
 d - 2 potions of curing {unknown}
 h - a potion of haste {unknown}
 i - a potion of flight {unknown}
 l - 2 potions of lignification {unknown}
 n - a potion of resistance {unknown}
 o - a potion of brilliance {unknown}


   Skills:
 + Level 2.4 Dodging
 * Level 3.1 Stealth
 * Level 3.7 Spellcasting
 + Level 1.0 Transmutations
 * Level 5.6 Earth Magic


You had 2 spell levels left.
You knew the following spells:

 Your Spells              Type           Power      Damage    Failure   Level
a - Sandblast             Erth           52%        2d12      1%          1
b - Stone Arrow           Conj/Erth      30%        3d8       12%         3
c - Passwall              Tmut/Erth      14%        N/A       4%          2
d - Petrify               Tmut/Erth      17%        N/A       32%         4

Your spell library contained the following spells:

 Spells                   Type           Power      Damage    Failure   Level


Dungeon Overview and Level Annotations

Branches:
Dungeon (5/15)
 Temple: D:4-7

Altars:
Ru
Zin

Portals:
Abyss: D:4

Annotations:
D:3 1 runed translucent door, Crazy Yiuf, Terence
D:4 2 transporters, qborf's ghost, novice DsCj


Innate Abilities, Weirdness & Mutations

You cannot wear most types of armour.
You are amphibious.
You can wear up to eight rings at the same time.
Your skin changes colour to match your surroundings (Stealth+).
Your rubbery body absorbs attacks. (AC +1, EV +1)
((You are camouflaged when in or above water. (Stealth+)))
You have tentacles for arms and can constrict up to eight enemies at once.


Message History

Casting: Sandblast (safe; 1% risk of failure)
Confirm with . or Enter, or press ? or * to list all spells.
You can't see any susceptible monsters within range! (Use Z to cast anyway.)
You barely miss something.
You hear some strange, mumbled words.
A puff of flame appears from out of thin air!
The puff of flame hits you. You resist.
Casting: Sandblast (safe; 1% risk of failure)
Confirm with . or Enter, or press ? or * to list all spells.
The spell is quite dangerous to miscast (12% risk of failure)!
Continue anyway? [Y]es or [N]o only, please.
The spell is quite dangerous to miscast (12% risk of failure)!
Continue anyway? [Y]es or [N]o only, please.
The spell is quite dangerous to miscast (12% risk of failure)!
Continue anyway? [Y]es or [N]o only, please.
The spell is quite dangerous to miscast (12% risk of failure)!
Continue anyway?
Aiming: Stone Arrow (quite dangerous; 12% risk of failure)
Press: ? - help, Shift-Dir - straight line Something hits you.
Casting: Stone Arrow (quite dangerous; 12% risk of failure)
Confirm with . or Enter, or press ? or * to list all spells.
You can't see any susceptible monsters within range! (Use Z to cast anyway.)
Casting: Stone Arrow (quite dangerous; 12% risk of failure)
Confirm with . or Enter, or press ? or * to list all spells.
Aiming: Sandblast (safe; 1% risk of failure)
Press: ? - help, Shift-Dir - straight line Something hits you.
* * * LOW HITPOINT WARNING * * *
Casting: Sandblast (safe; 1% risk of failure)
Confirm with . or Enter, or press ? or * to list all spells.
Aiming: Sandblast (safe; 1% risk of failure)
Press: ? - help, Shift-Dir - straight line The blast of sand hits something.
Something hits you.
* * * LOW HITPOINT WARNING * * *
Something hits you.
* * * LOW HITPOINT WARNING * * *
As you read the scroll labelled ILUDECZ NEYJOO, it crumbles to dust.
You feel strangely unstable.
It was a scroll of teleportation.
Something hits you.
You die...

#....#####.#.####.####
#...## #.#.## #..#.# #.#
#..... #.#.# #.##.# #.#
##.... ##.#.# #.##.# #.#
#.... #....# ##.##.# #.#
##### #..### #...#.# #.#
#..# ###..[#.# ###
#..####......{#
#.....)...#..@# #####
#.#####..###.)# #...#
#### #.......##
##.##.?#...### #...
########.###..##..#._.'.#
#.##
#..#.#.##?.#...#.###.#
#.#.##.### #...#.....#
#.####.### #########.#
#.# #.#.## #.# #.# #.#..#
#.#


There were no monsters in sight!

Vanquished Creatures
  A jelly (D:4)
  2 orc priests
  An iguana (D:4)
  8 adders
  3 gnolls (D:3)
  A worm (D:3)
  A dart slug (D:2)
  4 orcs
  A bat (D:2)
  6 endoplasms
  7 giant cockroaches
  7 hobgoblins
  4 jackals (D:3)
  5 kobolds
  A quokka (D:3)
  4 ball pythons
  4 frilled lizards
  8 goblins
  4 rats
72 creatures vanquished.

Notes
Turn   | Place    | Note
-------+----------+-------------------------------------------
     0 | D:1      | Arzdou the Octopode Earth Elementalist began the quest for
                  | the Orb.
     0 | D:1      | Reached XP level 1. HP: 11/11 MP: 3/3
   135 | D:1      | Reached XP level 2. HP: 17/17 MP: 1/5
   830 | D:2      | Reached XP level 3. HP: 21/21 MP: 3/6
  1277 | D:2      | Reached XP level 4. HP: 22/27 MP: 6/8
  1368 | D:2      | Reached skill level 4 in Earth Magic
  1643 | D:3      | Found a sacrificial altar of Ru.
  1852 | D:3      | Noticed Terence
  1859 | D:3      | Reached XP level 5. HP: 22/31 MP: 7/9
  2176 | D:3      | Learned a level 3 spell: Stone Arrow
  2179 | D:3      | Learned a level 2 spell: Passwall
  2184 | D:3      | Learned a level 4 spell: Petrify
  2270 | D:3      | Found a runed translucent door.
  2271 | D:3      | Noticed Crazy Yiuf
  2481 | D:4      | Found a one-way gate to the infinite horrors of the Abyss.
  2481 | D:4      | Noticed qborf's ghost (novice DsCj)
  2503 | D:4      | Found a transporter.
  2515 | D:4      | Noticed an ancient zyme
  2521 | D:4      | Found a transporter.
  2899 | D:4      | Found a glowing silver altar of Zin.
  2923 | D:4      | Reached skill level 5 in Earth Magic
  3091 | D:4      | Reached XP level 6. HP: 36/36 MP: 8/11
  3174 | D:5      | Entered Level 5 of the Dungeon
  3188 | D:4      | Slain by an orc wizard

Illustrated notes

Levels and vault maps discovered:
D:1:      elethiomel_arrival_shortcut, layout_basic, corexii_corridor_pit,
          minmay_misc_feat_four_crosses
D:2:      layout_loops_cross
D:3:      layout_loops_ring, nicolae_ru_the_path_less_chosen, uniq_terence,
          uniq_crazy_yiuf_cottage
D:4:      layout_loops_ring, zin_scriptorium, gammafunk_ghost_abyssal_escape
D:5:      layout_loops_ring, jmf_multi_god_temple, minmay_temple_entry_ruins,
          portal_sewer_entry_e, hangedman_decor_riveting,
          nicolae_shop_dragon_depot, uniq_duvessa

Skill      XL: |  1  2  3  4  5 |
---------------+----------------+-----
Spellcasting   | 3 |  3.7
Earth Magic    | 4 5 |  5.6
Stealth        | 3 |  3.1
Dodging        | |  2.4
Transmutations | |  1.0

Action                     |  1- 3 |  4- 6 || total
---------------------------+-------+-------++-------
  Melee: Unarmed           |       |     2 ||     2
   Cast: Sandblast         |    41 |    85 ||   126
         Stone Arrow       |       |     1 ||     1
    Use: Scroll            |       |     1 ||     1
 Armour: Skin              |     1 |       ||     1
  Dodge: Dodged            |    11 |    23 ||    34

Table legend: (Time is in decaauts)
 A = Elapsed time spent in this place.
 B = Non-inter-level travel time spent in this place.
 C = Inter-level travel time spent in this place.
 D = Time resting spent in this place.
 E = Time spent auto-exploring this place.
 F = Levels seen in this place.
 G = Mean time per level.
                   A        B        C        D        E       F      G
               +--------+--------+--------+--------+--------+-----+--------+
         Total |   3251 |   3191 |     60 |     90 |   2633 |   5 |  650.2 |
       Dungeon |   3251 |   3191 |     60 |     90 |   2633 |   5 |  650.2 |
               +--------+--------+--------+--------+--------+-----+--------+

Top non-repeatable levels by time:
     D:3: 904 daAuts
     D:4: 858 daAuts
     D:2: 812 daAuts
     D:1: 667 daAuts
     D:5: 7 daAuts
